Map: [ESL] Stargazers

Players

NightMare

  • Race: Protoss Protoss
  • League: Master
  • Spawn Location: 1:00

llllllllllll (herO) - Winner!

  • Race: Protoss Protoss
  • League: Master
  • Spawn Location: 11:00

VOD

Have the link to the VOD?

Description

Time

  • Played on: Oct. 22, 2022, 7:12 a.m.
  • Length: 6:59
Show
View Real Time Build Order
Export as new Build Order

NightMare Protoss 

Build Orders: Blink Stalkers 

Get SALT Encoding   

  12  0:00  Probe  
  13  0:12  Probe  
  14  0:20  Pylon  
  14  0:24  Probe  
  15  0:38  Probe (Chrono Boost)  
  15  0:40  Gateway  
  16  0:47  Probe (Chrono Boost)  
  17  0:50  Pylon  
  17  0:52  Probe (Chrono Boost)  
  18  0:57  Assimilator  
  18  1:04  Probe  
  19  1:16  Probe  
  20  1:27  Zealot, Cybernetics Core  
  20  1:28  Probe  
  23  1:40  Probe  
  24  1:52  Probe  
  24  2:04  Nexus  
  26  2:09  Warp Gate, Stalker  
  26  2:11  Probe  
  26  2:15  Assimilator  
  27  2:23  Probe  
  28  2:34  Shield Battery  
  28  2:35  Probe (Chrono Boost)  
  29  2:42  Sentry  
  31  2:46  Pylon  
  31  2:52  Pylon  
  31  3:04  Probe  
  32  3:09  Shield Battery  
  32  3:10  Shield Battery  
  32  3:13  Twilight Council  
  32  3:16  Probe x2  
  34  3:28  Probe x2  
  34  3:40  Probe x2 (Chrono Boost)  
  33  3:48  Blink (Chrono Boost)  
  33  3:51  Probe x2 (Chrono Boost)  
  35  3:55  Probe x2 (Chrono Boost)  
  35  3:57  Stalker  
  39  4:05  Gateway  
  39  4:06  Probe  
  39  4:08  Probe  
  35  4:20  Probe (Chrono Boost)  
  35  4:22  Probe (Chrono Boost)  
  37  4:31  Probe (Chrono Boost)  
  39  4:32  Probe (Chrono Boost)  
  39  4:36  Stalker  
  43  4:39  Probe x2 (Chrono Boost)  
  43  4:47  Gateway  
  43  4:48  Probe x2  
  43  4:59  Gateway  
  43  5:00  Probe x2  
  43  5:06  Stalker  
  47  5:08  Stalker  
  47  5:12  Probe x2  
  51  5:25  Probe  
  51  5:26  Probe, Assimilator  
  53  5:30  Stalker  
  53  5:33  Stalker  
  57  5:41  Pylon  
  57  5:49  Pylon  
  57  5:58  Pylon  
  57  5:59  Probe  
  57  6:01  Stalker x2  
  61  6:07  Pylon  
  61  6:16  Pylon  
  61  6:18  Pylon  
  61  6:21  Gateway  
  61  6:22  Pylon  
  61  6:23  Gateway  
  61  6:25  Shield Battery  
  61  6:30  Forge  
  61  6:31  Stalker x3  
  67  6:33  Probe x2  
Show
View Real Time Build Order
Export as new Build Order

llllllllllll Protoss - Winner!

Build Orders: Oracle Opening 

Get SALT Encoding   

  12  0:00  Probe  
  13  0:12  Probe  
  14  0:17  Pylon  
  14  0:24  Probe (Chrono Boost)  
  15  0:36  Probe (Chrono Boost)  
  15  0:38  Gateway  
  16  0:44  Probe (Chrono Boost)  
  16  0:47  Assimilator  
  17  0:50  Probe  
  18  1:00  Pylon  
  18  1:03  Probe  
  19  1:05  Assimilator  
  19  1:15  Probe  
  20  1:24  Cybernetics Core  
  20  1:27  Probe  
  20  1:29  Zealot  
  23  1:39  Probe  
  24  1:42  Pylon  
  24  1:51  Probe  
  25  2:02  Stalker  
  25  2:05  Stargate  
  27  2:13  Warp Gate  
  27  2:14  Probe  
  28  2:26  Probe  
  29  2:32  Stalker  
  30  2:47  Oracle (Chrono Boost)  
  33  2:58  Probe  
  34  3:07  Nexus  
  34  3:15  Oracle (Chrono Boost)  
  37  3:20  Pylon  
  37  3:24  Probe  
  38  3:38  Probe  
  39  3:44  Twilight Council  
  39  3:47  Gateway  
  39  3:50  Probe  
  40  3:57  Gateway  
  40  4:02  Probe  
  41  4:15  Probe, Blink (Chrono Boost)  
  41  4:16  Stalker  
  44  4:19  Probe  
  45  4:28  Probe  
  46  4:32  Probe  
  47  4:44  Probe x2  
  49  4:52  Stalker x3  
  55  4:59  Gateway  
  55  5:01  Probe  
  55  5:02  Probe  
  55  5:05  Pylon  
  57  5:14  Probe  
  59  5:21  Stalker  
  61  5:22  Stalker  
  61  5:23  Probe  
  61  5:25  Pylon  
  61  5:26  Probe  
  64  5:33  Stalker  
  66  5:35  Probe  
  66  5:38  Probe  
  66  5:39  Assimilator  
  66  5:41  Pylon  
  68  5:47  Stalker x2  
  72  5:54  Stalker  
  72  5:56  Stalker  
  76  5:58  Probe  
  76  6:00  Probe  
  78  6:19  Stalker  
  78  6:20  Stalker x2  
  78  6:22  Stalker  
  78  6:23  Pylon  
Tags
 
Add a new tag
Caveats
  • Supply blocks, unpowered buildings, or Contaminate may cause inaccurate times.
  • Supply counts are checked every 10 seconds.